 Dungeon Crawl Stone Soup version 0.24.0-123-gd5b16e6ec5 (webtiles) character file.

Game seed: 211932349251959429, levelgen mode: deterministic

52 vurker the Gusty (level 3, -4/15 HPs)
             Began as a Felid Air Elementalist on Feb 4, 2020.
             Slain by a worm (10 damage)
             ... on level 2 of the Dungeon.
             The game lasted 00:02:20 (2386 turns).

vurker the Gusty (Felid Air Elementalist)           Turns: 2386, Time: 00:02:21

Health: -4/15      AC:  1    Str:  4    XL:     3   Next: 60%
Magic:  0/7        EV: 18    Int: 17    God:
Gold:   84         SH:  0    Dex: 18    Spells: 6/7 levels left
                                        Lives:  0   Deaths: 0

rFire    . . .     SeeInvis +   (weapon unavailable)
rCold    . . .     Gourm    .   (shield unavailable)
rNeg     . . .     Faith    .   (armour unavailable)
rPois    .         Spirit   .   (helmet unavailable)
rElec    .         Reflect  .   (cloak unavailable)
rCorr    .         Harm     .   (gloves unavailable)
MR       .....                  (boots unavailable)
Stlth    +++.......             (no amulet)
HPRegen  0.05/turn              g - +2 ring of dexterity
MPRegen  0.10/turn              (no ring)

@: quick
A: very small, no armour, no weapons or thrown items, stealth, claws 1, fangs 3,
see invisible, carnivore, speed 1, shaggy fur 1, slow metabolism 1, sharp paws
a: no special abilities


You were on level 2 of the Dungeon.
You were completely stuffed.

You visited 1 branch of the dungeon, and saw 2 of its levels.

You collected 84 gold pieces.

Inventory:

Jewellery
 g - a +2 ring of dexterity (left paw)
   (You found it on level 2 of the Dungeon)
Scrolls
 a - a scroll of fear {unknown}
 b - a scroll of blinking {unknown}
 c - 2 scrolls of magic mapping {unknown}
 h - a scroll of random uselessness {unknown}
Potions
 d - 2 potions of berserk rage {unknown}
 f - a potion of magic {unknown}
Comestibles
 e - 8 rations
 i - a chunk of flesh


   Skills:
 + Level 0.9 Fighting
 + Level 2.8 Dodging
 + Level 2.7 Stealth
 * Level 2.6 Spellcasting
 * Level 1.7 Conjurations
 * Level 3.1 Air Magic


You had 6 spell levels left.
You knew the following spells:

 Your Spells              Type           Power        Failure   Level  Hunger
a - Shock                 Conj/Air       ##..         7%          1    #......

Your spell library contained the following spells:

 Spells                   Type           Power        Failure   Level  Hunger
 Swiftness                Chrm/Air       #.......     14%         2    ##.....
 Static Discharge         Conj/Air       ##......     21%         3    ###....
 Airstrike                Air            ##........   45%         4    #####..
 Lightning Bolt           Conj/Air       ##........   88%         5    ######.


Dungeon Overview and Level Annotations

Branches:
Dungeon (2/15)

Altars:


Innate Abilities, Weirdness & Mutations

You cannot wear armour.
You are incapable of wielding weapons or throwing items.
Your paws allow you to move quietly. (Stealth)
You have sharp claws.
You have razor-sharp teeth.
You have supernaturally acute eyesight. (SInv)
You are carnivorous and can eat meat at any time.
You cover ground quickly.
You are covered in fur. (AC +1)
You have a slow metabolism.
Your sharp claws are effective at attacking unaware monsters.


Message History

You can't see any susceptible monsters within range! (Use Z to cast anyway.)
You can't see any susceptible monsters within range! (Use Z to cast anyway.)
h - a scroll labeled VUCEWY JIOLL
Found a scroll labeled DIUW JAJELE.
You see here a hobgoblin corpse.
You feel agile.
g - a +2 ring of dexterity (left paw)
You butcher the hobgoblin corpse.
i - 2 chunks of flesh You see here a hobgoblin skeleton. x2
Eating one of 2 chunks of flesh.
You eat one of the 2 chunks of flesh.
This raw flesh tastes great.
Found a stone staircase leading up.
c - 2 scrolls labeled DIUW JAJELE (gained 1)
The worm is too close now for your liking.
A worm is nearby!
Aim: a worm (resting)
The zap hits the worm.
Aim: a worm (lightly wounded)
The zap hits the worm.
Aim: a worm (moderately wounded)
The zap hits the worm.
Aim: a worm (heavily wounded)
The zap hits the worm.
Aim: a worm (severely wounded)
The zap hits the worm.
Aim: a worm (severely wounded)
The zap hits the worm.
Aim: a worm (severely wounded)
The zap misses the worm.
You don't have enough magic to cast that spell.
You barely miss the worm. You bite the worm. You scratch the worm.
The worm bites you.
You barely miss the worm. You scratch the worm but do no damage.
The worm bites you.
* * * LOW HITPOINT WARNING * * *
Aim: a worm (almost dead)
The zap hits the worm.
The worm completely misses you.
You don't have enough magic to cast that spell.
You barely miss the worm.
Unknown command.
The worm is too close now for your liking.
Aim: a worm (moderately wounded)
The zap hits the worm.
Aim: a worm (heavily wounded)
The zap hits the worm.
You don't have enough magic to cast that spell.
You completely miss the worm. The worm bites you!
Ouch! That really hurt!
You die...

....#####.....###########........
.... #.##w.# #.##.#.#. #.##..#
#.##..... ####..# #.#......
#.#..# ######.#..#.#. #.#..#
###.........#.#.
#####.#..####.#...........#.
#........#..............#.#
#.##......w@............# ..
#.##..##.####.#..###.#..#.
#.##..##.####[#..###......
#####..##................#.#
+......##.###............#.#
######.##.# #.......###....
#.##.###..#..#.##.....
######.##......#..#.##.# #
........................#.####


You could see a worm.

Vanquished Creatures
  An adder (D:2)
  A worm (D:2)
  A dart slug (D:1)
  A leopard gecko (D:1)
  A giant cockroach (D:1)
  6 goblins (D:1)
  5 hobgoblins
  A ball python (D:1)
  6 bats
  6 frilled lizards (D:1)
  4 kobolds (D:1)
  5 rats
38 creatures vanquished.

Notes
Turn   | Place    | Note
-------+----------+-------------------------------------------
     0 | D:1      | vurker the Felid Air Elementalist began the quest for the
                  | Orb.
     0 | D:1      | Reached XP level 1. HP: 7/7 MP: 4/4
    85 | D:1      | Reached skill level 1 in Conjurations
   316 | D:1      | Reached XP level 2. HP: 12/12 MP: 4/6
   663 | D:1      | Reached skill level 3 in Air Magic
   975 | D:1      | Reached XP level 3. HP: 15/15 MP: 4/7
  2386 | D:2      | Slain by a worm

Levels and vault maps discovered:
D:1:      lightli_arrival_chessboard, layout_basic, minmay_heptomino_w4
D:2:      layout_basic, nicolae_overflow_hidden_temple

Skill      XL: |  1  2 |
---------------+-------+-----
Conjurations   | 1 |  1.7
Air Magic      | 3 |  3.1
Fighting       | |  0.9
Dodging        | |  2.8
Stealth        | |  2.7
Spellcasting   | |  2.6

Action                   || total
-------------------------++-------
Melee: Unarmed           ||    19
       Bite              ||     2
 Cast: Shock             ||   101
  Eat: Chunk             ||    11
Dodge: Dodged            ||    18
